 Dungeon Crawl Stone Soup version 0.31-a0-23-gcbde74481b (webtiles) character file.

Game seed: 7281525064725796285

128 pk666 the Magician (level 4, -1/24 HPs)
             Began as a Deep Elf Hedge Wizard on May 13, 2023.
             Killed from afar by Sigmund (9 damage)
             ... with a magic dart
             ... on level 3 of the Dungeon.
             The game lasted 00:04:37 (2603 turns).

pk666 the Magician (Deep Elf Hedge Wizard)          Turns: 2603, Time: 00:04:38

Health: -1/24      AC:  2    Str:  7    XL:     4   Next: 86%
Magic:  8/13       EV: 12    Int: 21    God:
Gold:   179        SH:  0    Dex: 14    Spells: 7/13 levels left

rFire   . . .        i - +2 whip (venom)
rCold   . . .        (no shield)
rNeg    . . .        b - +0 robe
rPois   .            c - +0 hat
rElec   .            (no cloak)
rCorr   .            (no gloves)
SInv    .            (no boots)
Will    .....        (no amulet)
Stlth   ++           (no ring)
HPRegen 0.24/turn    (no ring)
MPRegen 0.13/turn

%: no passive effects
@: studying Evocations
A: no striking features
a: no special abilities


You were on level 3 of the Dungeon.
You visited 1 branch of the dungeon, and saw 3 of its levels.

You collected 179 gold pieces.

Inventory:

Hand Weapons
 i - a +2 whip of venom (weapon)
Armour
 b - a +0 robe (worn)
 c - a +0 hat (worn)
Magical Staves
 n - a staff of poison
Jewellery
 g - a ring of protection from fire
 o - an amulet of guardian spirit
Scrolls
 a - a scroll of fear {unknown}
 e - 6 scrolls of identify {unknown}
 j - a scroll of poison {unknown}
 k - a scroll of fog {unknown}
 l - a scroll of magic mapping {unknown}
 p - a scroll of immolation {unknown}
 q - a scroll of blinking {unknown}
 r - a scroll of torment {unknown}
 s - a scroll of enchant weapon {unknown}
Potions
 d - 2 potions of magic
 f - 2 potions of heal wounds {unknown}
 h - 3 potions of curing {unknown}
 m - 2 potions of brilliance


   Skills:
 - Level 2.4 Dodging
 - Level 2.4 Stealth
 + Level 5.2 Spellcasting
 + Level 2.5 Conjurations
 - Level 1.1 Summonings
 + Level 2.5 Translocations
 * Level 1.6 Air Magic
 * Level 2.0 Poison Magic


You had 7 spell levels left.
You knew the following spells:

 Your Spells              Type           Power      Damage    Failure   Level
a - Magic Dart            Conj           64%        1d6       3%          1
b - Blink                 Tloc           30%        N/A       6%          2
c - Mephitic Cloud        Conj/Pois/Air  14%        N/A       14%         3

Your spell library contained the following spells:

 Spells                   Type           Power      Damage    Failure   Level
 Cigotuvi's Dreadful Rot  Necr/Pois/Air  20%        N/A       10%         2
 Slow                     Hex            20%        N/A       11%         1
 Call Imp                 Summ           20%        N/A       11%         2


Dungeon Overview and Level Annotations

Branches:
Dungeon (3/15)

Altars:

Annotations:
D:3 Sigmund


Message History

You see here a +0 leather armour.
The adder bites you.
You are poisoned.
The adder poisons you! The adder attacks as you move away!
The adder bites you but does no damage.
You feel sick.
You feel sick.
You feel sick.
You feel sick. The adder bites you. The adder attacks as you move away!
The adder closely misses you.
You feel sick.
You feel sick.
You are no longer poisoned.
The adder closely misses you.
Casting: Magic Dart (safe; 3% risk of failure)
Confirm with . or Enter, or press ? or * to list all spells.
Aiming: Magic Dart (safe; 3% risk of failure)
Press: ? - help, Shift-Dir - straight line, f/p - adder
Aim: an adder (moderately wounded, 100% to hit)
The magic dart hits the adder.
The adder is almost dead.
The adder misses you.
Casting: Magic Dart (safe; 3% risk of failure)
Confirm with . or Enter, or press ? or * to list all spells.
Aiming: Magic Dart (safe; 3% risk of failure)
Press: ? - help, Shift-Dir - straight line, f/p - adder
Aim: an adder (almost dead, 100% to hit)
The magic dart hits the adder.
You kill the adder!
Your Poison Magic skill increases to level 2!
Casting: Magic Dart (safe; 3% risk of failure)
Confirm with . or Enter, or press ? or * to list all spells.
The spell is quite dangerous to miscast (14% risk of failure)!
Continue anyway?
Aiming: Mephitic Cloud (quite dangerous; 14% risk of failure)
Press: ? - help, Shift-Dir - straight line The ball explodes into a vile cloud!
The stinking cloud engulfs Sigmund but does no damage.
Sigmund points at you and mumbles some strange words.
The magic dart hits you!
You die...

#.###...#######........#
#.##..### ##...#####
#.##.## ###..### #.#..#
##...## #.#.## ###..#
#...### ##.# .....[#####
#.#
#.###....○############.#
#.# #####@°.....@......#
#.# ################ ###


You could see Sigmund (empowered).

Vanquished Creatures
  3 adders
  4 gnolls
  A worm (D:2)
  2 dart slugs (D:2)
  2 orcs (D:3)
  3 ball pythons (D:1)
  6 endoplasms
  3 giant cockroaches (D:1)
  7 goblins
  3 hobgoblins
  2 jackals (D:1)
  2 quokkas
  3 bats (D:1)
  2 frilled lizards
  4 kobolds
  7 rats
54 creatures vanquished.

Notes
Turn   | Place    | Note
-------+----------+-------------------------------------------
     0 | D:1      | pk666 the Deep Elf Hedge Wizard began the quest for the
                  | Orb.
     0 | D:1      | Reached XP level 1. HP: 10/10 MP: 7/7
   281 | D:1      | Reached XP level 2. HP: 15/15 MP: 6/9
   537 | D:1      | Reached XP level 3. HP: 19/19 MP: 2/11
   540 | D:1      | Learned a level 2 spell: Blink
   544 | D:1      | Learned a level 3 spell: Mephitic Cloud
  1249 | D:2      | Reached skill level 5 in Spellcasting
  1249 | D:2      | Reached skill level 1 in Poison Magic
  1481 | D:2      | Reached skill level 1 in Air Magic
  1596 | D:2      | Reached XP level 4. HP: 24/24 MP: 10/13
  2063 | D:2      | Found a faded altar of an unknown god.
  2581 | D:3      | Noticed Sigmund
  2603 | D:3      | Killed from afar by Sigmund

Illustrated notes

Levels and vault maps discovered:
D:1:      amcnicky_arrival_double_pillar, layout_rooms, minmay_close_crescents
D:2:      minmay_wonky_spiral, layout_basic, ebering_ecumenical_altar_webs
D:3:      layout_rooms, uniq_sigmund

Skill      XL: |  1  2  3  4 |
---------------+-------------+-----
Conjurations   | 2 |  2.5
Translocations | 2 |  2.5
Spellcasting   | 5 |  5.2
Poison Magic   | 1 2 |  2.0
Air Magic      | 1 |  1.6
Dodging        | |  2.4
Stealth        | |  2.4
Summonings     | |  1.1

Action                     |  1- 3 |  4- 6 || total
---------------------------+-------+-------++-------
  Melee: Dagger            |     4 |       ||     4
         Whip              |       |     1 ||     1
   Cast: Magic Dart        |    99 |    58 ||   157
         Mephitic Cloud    |       |     2 ||     2
         Blink             |       |     2 ||     2
 Armour: Robe              |     5 |     1 ||     6
  Dodge: Dodged            |    21 |     9 ||    30

Table legend: (Time is in decaauts)
 A = Elapsed time spent in this place.
 B = Non-inter-level travel time spent in this place.
 C = Inter-level travel time spent in this place.
 D = Time resting spent in this place.
 E = Time spent auto-exploring this place.
 F = Levels seen in this place.
 G = Mean time per level.
                   A        B        C        D        E       F      G
               +--------+--------+--------+--------+--------+-----+--------+
         Total |   2602 |   2563 |     39 |    344 |   1860 |   3 |  867.3 |
       Dungeon |   2602 |   2563 |     39 |    344 |   1860 |   3 |  867.3 |
               +--------+--------+--------+--------+--------+-----+--------+

Top non-repeatable levels by time:
     D:1: 1188 daAuts
     D:2: 923 daAuts
     D:3: 489 daAuts
